AoeStats
← Professor6899

Arena

509138007Analyzed
3v3 RM · 6d ago on Sep 25, 2026· 29m 55s· 6 players
Game mode
Random Map
Map size
Normal (6 player)
Population
200
Speed
Normal
Resources
Standard
Victory
Conquest
Starting age
Dark Age
Ending age
Imperial Age
RankedLock teamsTeams togetherTeam positionsShared explorationLock speedFull tech treeHidden civsTurbo modeCheats
Victory
Defeat
🇮🇳 Varangians · India
1105
+13
🇮🇳 Turks · India
1072
+14
🇮🇳 Celts · India
1006
+17
🇨🇴 Wei · Colombia
1124
-18
🇺🇸 Danes · United States
994
-13
🇨🇴 Persians · Colombia
982
-13
CHOCORRAMERO
10:38 Feudal Age
10:59 Feudal Age
12:00 Double-Bit Axe
16:34 Castle Age
15:43 Stone Mining
16:44 Horse Collar
18:49 Bow Saw
19:02 Gold Mining
21:23 Wheelbarrow
22:26 Fletching
23:17 Bodkin Arrow
28:45 Heavy Plow
Ctrl Gio
10:01 Feudal Age
10:45 Loom
13:44 Castle Age
12:02 Double-Bit Axe
13:09 Gold Mining
20:13 Horse Collar
21:08 Town Watch
23:04 Town Patrol
23:40 Wheelbarrow
23:36 Bow Saw
25:09 Scale Barding Armor
26:25 Forging
29:12 Bloodlines
29:03 Husbandry
Lord_Mank
10:47 Feudal Age
15:45 Castle Age
15:39 Double-Bit Axe
16:29 Pikeman
17:51 Squires
23:17 Elite Skirmisher
NightShade
10:49 Feudal Age
14:20 Castle Age
12:39 Double-Bit Axe
14:54 Scale Mail Armor
15:04 Forging
15:14 Gambesons
17:22 Horse Collar
20:40 Chain Mail Armor
21:23 Arson
22:24 Squires
24:58 Iron Casting
26:38 Wheelbarrow
28:28 Loom
28:29 Town Watch
Professor6899
5:43 Loom
13:54 Feudal Age
17:48 Castle Age
15:39 Double-Bit Axe
15:58 Scale Mail Armor
30:13 Arson
Zip Paz
7:34 Loom
10:05 Feudal Age
11:38 Double-Bit Axe
11:36 Horse Collar
12:35 Gold Mining
17:15 Castle Age
23:10 Imperial Age
21:58 Wheelbarrow
Connection lost

Rejoining the realm…

Still unreachable

The connection could not be restored.

Session expired

The server has moved on; the page needs a fresh start.